[ PARTIDA AOE2 · #479255870 ]
UnrankedTurcos vs Ethiopians
[ ANÁLISIS DE REPETICIÓN · EXTRAÍDO DE LA PARTIDA GRABADA ]
Feudal
—
Castillos
—
Imperial
—
| APM promedio | 18.3 |
| APM pico | 74 |
| eAPM promedio | 11.7 |
| Aldeanos / militares | 148 / 97 |
Foco
⚔️ 28.4% · 🌾 71.6%
Hand Cannoneer ×75 · Scout Cavalry ×15 · Trade Cart ×13 · Janissary ×7
Feudal
11:26
Castillos
16:38
Imperial
31:34
| APM promedio | 46.6 |
| APM pico | 133 |
| eAPM promedio | 35.5 |
| Aldeanos / militares | 152 / 748 |
Foco
⚔️ 49.1% · 🌾 50.9%
Spearman ×453 · Huskarl ×293 · Trebuchet (Packed) ×2
Feudal
10:04
Castillos
26:01
Imperial
43:41
| APM promedio | 25.1 |
| APM pico | 50 |
| eAPM promedio | 14.7 |
| Aldeanos / militares | 144 / 312 |
Foco
⚔️ 30.5% · 🌾 69.5%
Archer ×185 · Shotel Warrior ×127
Feudal
—
Castillos
—
Imperial
—
| APM promedio | 38.7 |
| APM pico | 113 |
| eAPM promedio | 25.1 |
| Aldeanos / militares | 129 / 403 |
Foco
⚔️ 52.1% · 🌾 47.9%
Scout Cavalry ×207 · Battle Elephant ×102 · Scorpion ×80 · Knight ×10 · Trebuchet (Packed) ×4
Feudal
9:21
Castillos
28:12
Imperial
33:38
| APM promedio | 40.9 |
| APM pico | 103 |
| eAPM promedio | 30.5 |
| Aldeanos / militares | 182 / 292 |
Foco
⚔️ 29.6% · 🌾 70.4%
Scout Cavalry ×88 · Spearman ×70 · Knight ×53 · Skirmisher ×50 · Battering Ram ×13 · Trade Cart ×11
Feudal
11:14
Castillos
—
Imperial
—
| APM promedio | 4.4 |
| APM pico | 42 |
| eAPM promedio | 2.6 |
| Aldeanos / militares | 40 / 6 |
Foco
⚔️ 18.1% · 🌾 81.9%
Scout Cavalry ×6
Feudal
10:31
Castillos
16:34
Imperial
43:17
| APM promedio | 21.9 |
| APM pico | 53 |
| eAPM promedio | 16.5 |
| Aldeanos / militares | 104 / 92 |
Foco
⚔️ 18.0% · 🌾 82.0%
War Elephant ×92
Feudal
11:46
Castillos
14:31
Imperial
27:08
| APM promedio | 16.6 |
| APM pico | 51 |
| eAPM promedio | 13.1 |
| Aldeanos / militares | 139 / 543 |
Foco
⚔️ 31.9% · 🌾 68.1%
Scout Cavalry ×400 · Ballista Elephant ×123 · Trade Cart ×15 · Trebuchet (Packed) ×9 · Battering Ram ×5 · Monk ×3
Mapa de la partida
Recursos iniciales + cada clic de construcción. Líneas = muros · curvas = relieve. ◆ oro · ⬟ piedra · ● bayas · ✦ reliquia · ◌ hueco del cierre
Tu base· ✓ Cerrada en 13:14 · 1t muro · 3 puerta(s)
Base de 台南人· ✓ Cerrada en 16:38 · 0t muro · 2 puerta(s)
Base de Henri· ✓ Cerrada en 26:01 · 0t muro · 2 puerta(s)
Base de Zizzle4879· ✓ Cerrada en 13:16 · 0t muro · 3 puerta(s)
Base de roko· ✓ Cerrada en 28:12 · 0t muro · 3 puerta(s)
Base de Mike Lowry· ✓ Cerrada en 12:00 · 0t muro · 2 puerta(s)
Base de bruno.wrobel· ✓ Cerrada en 16:34 · 0t muro · 2 puerta(s)
Base de DarkDaiver· ✓ Cerrada en 14:31 · 0t muro · 3 puerta(s)
Terreno inicial suavizado · ◌ = hueco del cierre detectado · pasá el cursor para detalles
Inputs por minuto
— Lalokura94 - - 台南人
Build order — Lalokura94
Primeras 150 de 489 acciones detectadas
| 0:01 | Crear | Villager (Male) |
| 0:01 | Crear | Villager (Male) |
| 0:02 | Crear | Villager (Male) |
| 0:02 | Crear | Villager (Male) |
| 0:02 | Crear | Villager (Male) |
| 0:03 | Construir | House |
| 0:05 | Construir | House |
| 1:26 | Crear | Villager (Male) |
| 1:26 | Crear | Villager (Male) |
| 1:52 | Construir | Lumber Camp |
| 2:10 | Crear | Villager (Male) |
| 2:11 | Crear | Villager (Male) |
| 2:19 | Crear | Villager (Male) |
| 2:19 | Crear | Villager (Male) |
| 2:50 | Crear | Villager (Male) |
| 2:50 | Crear | Villager (Male) |
| 3:04 | Crear | Villager (Male) |
| 3:04 | Crear | Villager (Male) |
| 3:04 | Crear | Villager (Male) |
| 3:21 | Construir | House |
| 4:01 | Crear | Villager (Male) |
| 4:01 | Crear | Villager (Male) |
| 4:01 | Crear | Villager (Male) |
| 4:14 | Construir | House |
| 4:32 | Construir | Mill |
| 4:58 | Crear | Villager (Male) |
| 4:58 | Crear | Villager (Male) |
| 4:59 | Crear | Villager (Male) |
| 4:59 | Crear | Villager (Male) |
| 4:59 | Crear | Villager (Male) |
| 6:25 | Crear | Villager (Male) |
| 6:25 | Crear | Villager (Male) |
| 6:49 | Crear | Villager (Male) |
| 7:34 | Crear | Villager (Male) |
| 8:00 | Crear | Villager (Male) |
| 8:21 | Construir | House |
| 8:38 | Crear | Villager (Male) |
| 8:58 | Construir | Mining Camp |
| 9:08 | Investigar | Feudal Age |
| 9:08 | Investigar | Feudal Age |
| 9:09 | Investigar | Feudal Age |
| 9:21 | Construir | Mill |
| 9:35 | Construir | Farm |
| 9:36 | Construir | Farm |
| 9:38 | Construir | Farm |
| 9:40 | Construir | Farm |
| 10:31 | Crear | Villager (Male) |
| 10:32 | Crear | Villager (Male) |
| 11:24 | Construir | Blacksmith |
| 11:32 | Construir | Market |
| 12:02 | Construir | House |
| 12:04 | Construir | Palisade Wall |
| 12:10 | Construir | House |
| 13:01 | Investigar | Loom |
| 13:14 | Investigar | Castle Age |
| 13:14 | Investigar | Castle Age |
| 13:34 | Investigar | Double-Bit Axe |
| 13:35 | Investigar | Double-Bit Axe |
| 13:39 | Investigar | Horse Collar |
| 13:39 | Investigar | Horse Collar |
| 13:39 | Investigar | Horse Collar |
| 15:00 | Construir | Barracks |
| 15:56 | Construir | Stable |
| 16:19 | Investigar | Wheelbarrow |
| 16:28 | Construir | Town Center |
| 16:32 | Crear | Villager (Male) |
| 16:32 | Crear | Villager (Male) |
| 16:34 | Crear | Villager (Male) |
| 17:24 | Construir | Town Center |
| 17:32 | Crear | Villager (Male) |
| 17:35 | Construir | Farm |
| 17:36 | Construir | Farm |
| 17:53 | Construir | Farm |
| 18:16 | Construir | Farm |
| 18:33 | Crear | Villager (Male) |
| 18:34 | Crear | Villager (Male) |
| 18:34 | Crear | Villager (Male) |
| 18:56 | Construir | Lumber Camp |
| 18:57 | Crear | Villager (Male) |
| 18:57 | Crear | Villager (Male) |
| 18:58 | Crear | Villager (Male) |
| 19:23 | Construir | Farm |
| 19:32 | Construir | Farm |
| 19:33 | Construir | Farm |
| 19:37 | Crear | Villager (Male) |
| 19:37 | Crear | Villager (Male) |
| 19:42 | Construir | Farm |
| 19:42 | Construir | Farm |
| 19:50 | Construir | Farm |
| 19:50 | Construir | Farm |
| 20:01 | Crear | Villager (Male) |
| 20:01 | Crear | Villager (Male) |
| 20:05 | Crear | Villager (Male) |
| 20:10 | Construir | Farm |
| 20:30 | Construir | Lumber Camp |
| 20:39 | Construir | Lumber Camp |
| 20:42 | Crear | Villager (Male) |
| 20:43 | Crear | Villager (Male) |
| 20:43 | Crear | Villager (Male) |
| 20:44 | Crear | Villager (Male) |
| 20:56 | Construir | Farm |
| 21:02 | Construir | Farm |
| 21:17 | Construir | Farm |
| 21:23 | Construir | Farm |
| 21:26 | Crear | Villager (Male) |
| 21:27 | Crear | Villager (Male) |
| 21:27 | Crear | Villager (Male) |
| 21:27 | Crear | Villager (Male) |
| 21:27 | Crear | Villager (Male) |
| 21:33 | Crear | Villager (Male) |
| 21:34 | Crear | Villager (Male) |
| 21:40 | Construir | Farm |
| 21:42 | Construir | Farm |
| 21:48 | Construir | Farm |
| 21:54 | Construir | Farm |
| 21:58 | Construir | House |
| 22:01 | Construir | House |
| 22:04 | Crear | Villager (Male) |
| 22:05 | Crear | Villager (Male) |
| 22:05 | Crear | Villager (Male) |
| 22:05 | Crear | Villager (Male) |
| 22:14 | Construir | House |
| 22:15 | Construir | House |
| 22:15 | Construir | House |
| 22:16 | Construir | House |
| 22:16 | Construir | House |
| 22:17 | Construir | House |
| 22:17 | Construir | House |
| 22:17 | Construir | House |
| 22:17 | Construir | House |
| 22:18 | Construir | House |
| 22:18 | Construir | House |
| 22:19 | Construir | House |
| 22:19 | Construir | House |
| 22:22 | Construir | House |
| 22:28 | Crear | Villager (Male) |
| 22:28 | Crear | Villager (Male) |
| 22:28 | Crear | Villager (Male) |
| 22:28 | Crear | Villager (Male) |
| 22:34 | Construir | Farm |
| 22:45 | Construir | Farm |
| 22:51 | Construir | Farm |
| 22:55 | Construir | Farm |
| 22:59 | Construir | Farm |
| 23:00 | Crear | Villager (Male) |
| 23:01 | Crear | Villager (Male) |
| 23:01 | Crear | Villager (Male) |
| 23:01 | Crear | Villager (Male) |
| 23:01 | Crear | Villager (Male) |
| 23:19 | Crear | Villager (Male) |
Build order — 台南人
Primeras 150 de 1124 acciones detectadas
| 0:02 | Crear | Villager (Male) |
| 0:02 | Crear | Villager (Male) |
| 0:07 | Construir | House |
| 0:08 | Construir | House |
| 0:16 | Crear | Villager (Male) |
| 0:16 | Crear | Villager (Male) |
| 0:16 | Crear | Villager (Male) |
| 1:37 | Crear | Villager (Male) |
| 1:37 | Crear | Villager (Male) |
| 1:41 | Investigar | Loom |
| 1:41 | Investigar | Loom |
| 2:14 | Crear | Villager (Male) |
| 2:14 | Crear | Villager (Male) |
| 2:37 | Crear | Villager (Male) |
| 2:37 | Crear | Villager (Male) |
| 3:08 | Crear | Villager (Male) |
| 3:08 | Crear | Villager (Male) |
| 3:23 | Crear | Villager (Male) |
| 3:23 | Crear | Villager (Male) |
| 3:42 | Construir | Lumber Camp |
| 4:01 | Crear | Villager (Male) |
| 4:02 | Crear | Villager (Male) |
| 4:30 | Crear | Villager (Male) |
| 4:30 | Crear | Villager (Male) |
| 4:37 | Construir | Mill |
| 4:50 | Construir | House |
| 4:59 | Crear | Villager (Male) |
| 5:00 | Crear | Villager (Male) |
| 5:16 | Crear | Villager (Male) |
| 5:16 | Crear | Villager (Male) |
| 5:34 | Construir | House |
| 5:35 | Construir | House |
| 5:45 | Crear | Villager (Male) |
| 5:45 | Crear | Villager (Male) |
| 6:10 | Crear | Villager (Male) |
| 6:11 | Crear | Villager (Male) |
| 6:11 | Crear | Villager (Male) |
| 6:12 | Crear | Villager (Male) |
| 7:07 | Crear | Villager (Male) |
| 7:08 | Crear | Villager (Male) |
| 7:08 | Crear | Villager (Male) |
| 8:33 | Construir | Mining Camp |
| 8:46 | Crear | Villager (Male) |
| 9:10 | Investigar | Feudal Age |
| 11:26 | Edad | Edad Feudal |
| 11:34 | Construir | Market |
| 11:40 | Construir | Blacksmith |
| 11:43 | Crear | Villager (Male) |
| 11:43 | Crear | Villager (Male) |
| 11:43 | Crear | Villager (Male) |
| 12:59 | Construir | Mining Camp |
| 13:13 | Construir | Farm |
| 13:13 | Construir | Farm |
| 13:14 | Construir | Farm |
| 13:14 | Construir | Farm |
| 13:14 | Construir | Farm |
| 13:46 | Construir | House |
| 13:47 | Construir | House |
| 13:48 | Construir | House |
| 13:58 | Investigar | Castle Age |
| 14:46 | Investigar | Horse Collar |
| 14:52 | Construir | Farm |
| 14:53 | Construir | Farm |
| 14:53 | Construir | Farm |
| 14:54 | Construir | Farm |
| 16:02 | Construir | Barracks |
| 16:26 | Investigar | Double-Bit Axe |
| 16:38 | Edad | Edad de los Castillos |
| 16:44 | Crear | Villager (Male) |
| 16:45 | Crear | Villager (Male) |
| 17:09 | Construir | Town Center |
| 17:16 | Crear | Villager (Male) |
| 17:16 | Crear | Villager (Male) |
| 18:41 | Crear | Villager (Male) |
| 18:41 | Crear | Villager (Male) |
| 18:43 | Crear | Villager (Male) |
| 18:43 | Crear | Villager (Male) |
| 19:11 | Construir | Town Center |
| 19:21 | Crear | Villager (Male) |
| 19:24 | Crear | Villager (Male) |
| 19:29 | Investigar | Squires |
| 19:29 | Investigar | Squires |
| 19:38 | Crear | Villager (Male) |
| 19:39 | Crear | Villager (Male) |
| 19:41 | Construir | Farm |
| 19:51 | Construir | House |
| 19:52 | Construir | House |
| 19:58 | Crear | Villager (Male) |
| 19:58 | Crear | Villager (Male) |
| 20:14 | Crear | Villager (Male) |
| 20:14 | Crear | Villager (Male) |
| 20:34 | Construir | Farm |
| 20:37 | Investigar | Bow Saw |
| 20:37 | Investigar | Bow Saw |
| 20:40 | Construir | Farm |
| 20:40 | Construir | Farm |
| 20:45 | Construir | Farm |
| 20:49 | Crear | Villager (Male) |
| 20:49 | Crear | Villager (Male) |
| 20:50 | Crear | Villager (Male) |
| 20:57 | Construir | Farm |
| 20:57 | Construir | Farm |
| 21:01 | Construir | Farm |
| 21:11 | Crear | Villager (Male) |
| 21:11 | Crear | Villager (Male) |
| 21:11 | Crear | Villager (Male) |
| 21:20 | Crear | Villager (Male) |
| 21:38 | Crear | Villager (Male) |
| 21:38 | Crear | Villager (Male) |
| 21:39 | Crear | Villager (Male) |
| 21:40 | Crear | Villager (Male) |
| 21:50 | Construir | Farm |
| 22:19 | Investigar | Wheelbarrow |
| 22:21 | Crear | Villager (Male) |
| 22:21 | Crear | Villager (Male) |
| 22:39 | Construir | Town Center |
| 22:44 | Crear | Villager (Male) |
| 22:44 | Crear | Villager (Male) |
| 22:44 | Crear | Villager (Male) |
| 22:55 | Investigar | Heavy Plow |
| 22:58 | Crear | Villager (Male) |
| 22:58 | Crear | Villager (Male) |
| 22:59 | Crear | Villager (Male) |
| 23:12 | Crear | Villager (Male) |
| 23:15 | Crear | Villager (Male) |
| 23:15 | Crear | Villager (Male) |
| 23:53 | Construir | Castle |
| 24:00 | Investigar | Town Watch |
| 24:00 | Investigar | Town Watch |
| 24:01 | Crear | Villager (Male) |
| 24:02 | Crear | Villager (Male) |
| 24:02 | Crear | Villager (Male) |
| 24:03 | Crear | Villager (Male) |
| 24:03 | Crear | Villager (Male) |
| 24:15 | Construir | Farm |
| 24:15 | Construir | Farm |
| 24:15 | Construir | Farm |
| 24:15 | Construir | Farm |
| 24:16 | Construir | Farm |
| 24:16 | Construir | Farm |
| 24:23 | Crear | Villager (Male) |
| 24:23 | Crear | Villager (Male) |
| 24:24 | Crear | Villager (Male) |
| 24:29 | Construir | Mill |
| 24:39 | Investigar | Pikeman (upgrade) |
| 24:39 | Investigar | Pikeman (upgrade) |
| 24:47 | Crear | Villager (Male) |
| 24:47 | Crear | Villager (Male) |
| 24:59 | Construir | Farm |
| 25:00 | Construir | Farm |
Build order — Henri
Primeras 150 de 483 acciones detectadas
| 0:03 | Crear | Villager (Male) |
| 0:04 | Crear | Villager (Male) |
| 0:04 | Crear | Villager (Male) |
| 0:04 | Crear | Villager (Male) |
| 0:04 | Crear | Villager (Male) |
| 0:10 | Construir | House |
| 0:15 | Construir | House |
| 1:52 | Crear | Villager (Male) |
| 1:52 | Crear | Villager (Male) |
| 2:14 | Crear | Villager (Male) |
| 2:14 | Crear | Villager (Male) |
| 2:15 | Crear | Villager (Male) |
| 2:46 | Crear | Villager (Male) |
| 2:46 | Crear | Villager (Male) |
| 3:01 | Crear | Villager (Male) |
| 3:02 | Crear | Villager (Male) |
| 3:02 | Crear | Villager (Male) |
| 3:41 | Construir | House |
| 3:42 | Construir | House |
| 3:50 | Crear | Villager (Male) |
| 3:51 | Crear | Villager (Male) |
| 3:51 | Crear | Villager (Male) |
| 3:51 | Crear | Villager (Male) |
| 4:07 | Crear | Villager (Male) |
| 4:07 | Crear | Villager (Male) |
| 4:29 | Construir | Lumber Camp |
| 4:48 | Crear | Villager (Male) |
| 4:48 | Crear | Villager (Male) |
| 4:49 | Crear | Villager (Male) |
| 5:32 | Crear | Villager (Male) |
| 5:32 | Crear | Villager (Male) |
| 5:32 | Crear | Villager (Male) |
| 5:55 | Crear | Villager (Male) |
| 5:55 | Crear | Villager (Male) |
| 6:05 | Crear | Villager (Male) |
| 6:06 | Crear | Villager (Male) |
| 6:36 | Construir | Mill |
| 6:56 | Crear | Villager (Male) |
| 6:57 | Crear | Villager (Male) |
| 6:57 | Crear | Villager (Male) |
| 6:57 | Crear | Villager (Male) |
| 7:54 | Investigar | Feudal Age |
| 8:47 | Construir | Mining Camp |
| 9:28 | Crear | Villager (Male) |
| 9:28 | Crear | Villager (Male) |
| 10:04 | Edad | Edad Feudal |
| 10:12 | Crear | Villager (Male) |
| 10:12 | Crear | Villager (Male) |
| 10:23 | Investigar | Double-Bit Axe |
| 10:24 | Investigar | Gold Mining |
| 10:33 | Construir | Mill |
| 10:40 | Construir | Barracks |
| 11:04 | Construir | House |
| 11:23 | Construir | Archery Range |
| 11:36 | Construir | Archery Range |
| 12:06 | Crear | Archer |
| 12:06 | Crear | Archer |
| 12:06 | Crear | Archer |
| 12:20 | Crear | Villager (Male) |
| 12:21 | Crear | Villager (Male) |
| 12:21 | Crear | Villager (Male) |
| 12:25 | Crear | Archer |
| 12:25 | Crear | Archer |
| 12:25 | Crear | Archer |
| 12:26 | Crear | Archer |
| 12:26 | Crear | Archer |
| 12:51 | Construir | House |
| 13:10 | Construir | Lumber Camp |
| 13:18 | Crear | Archer |
| 13:18 | Crear | Archer |
| 13:27 | Construir | House |
| 13:51 | Crear | Archer |
| 13:51 | Crear | Archer |
| 13:51 | Crear | Archer |
| 14:05 | Crear | Archer |
| 14:42 | Construir | Archery Range |
| 15:22 | Crear | Archer |
| 15:23 | Crear | Archer |
| 15:23 | Crear | Archer |
| 15:23 | Crear | Archer |
| 15:41 | Crear | Archer |
| 15:41 | Crear | Archer |
| 16:14 | Construir | House |
| 16:15 | Construir | House |
| 16:15 | Construir | House |
| 16:23 | Crear | Villager (Male) |
| 16:23 | Crear | Villager (Male) |
| 16:23 | Crear | Villager (Male) |
| 16:26 | Investigar | Loom |
| 16:33 | Construir | House |
| 16:34 | Construir | House |
| 16:35 | Construir | House |
| 17:05 | Construir | Blacksmith |
| 17:36 | Crear | Villager (Male) |
| 17:37 | Crear | Villager (Male) |
| 17:37 | Crear | Villager (Male) |
| 17:52 | Construir | Farm |
| 17:53 | Construir | Farm |
| 17:55 | Construir | Farm |
| 17:58 | Construir | Farm |
| 18:00 | Construir | Farm |
| 18:02 | Construir | Farm |
| 18:03 | Construir | Farm |
| 18:04 | Construir | Farm |
| 18:23 | Crear | Villager (Male) |
| 18:23 | Crear | Villager (Male) |
| 18:33 | Construir | Mill |
| 19:16 | Crear | Villager (Male) |
| 19:16 | Crear | Villager (Male) |
| 19:25 | Construir | Farm |
| 19:27 | Construir | Farm |
| 19:28 | Construir | Farm |
| 19:29 | Construir | Farm |
| 20:26 | Crear | Villager (Male) |
| 20:26 | Crear | Villager (Male) |
| 20:37 | Construir | Farm |
| 20:39 | Construir | Farm |
| 20:41 | Construir | Farm |
| 20:42 | Construir | Farm |
| 20:43 | Construir | Farm |
| 20:44 | Construir | Farm |
| 21:00 | Construir | Blacksmith |
| 21:30 | Crear | Villager (Male) |
| 21:44 | Construir | Market |
| 21:46 | Investigar | Padded Archer Armor |
| 21:47 | Investigar | Fletching |
| 22:07 | Crear | Villager (Male) |
| 23:21 | Investigar | Castle Age |
| 23:21 | Investigar | Castle Age |
| 23:37 | Crear | Archer |
| 23:37 | Crear | Archer |
| 23:37 | Crear | Archer |
| 23:38 | Crear | Archer |
| 23:38 | Crear | Archer |
| 23:38 | Crear | Archer |
| 23:38 | Crear | Archer |
| 23:39 | Crear | Archer |
| 23:39 | Crear | Archer |
| 23:39 | Crear | Archer |
| 23:40 | Crear | Archer |
| 23:40 | Crear | Archer |
| 23:40 | Crear | Archer |
| 23:40 | Crear | Archer |
| 23:41 | Crear | Archer |
| 23:41 | Crear | Archer |
| 23:41 | Crear | Archer |
| 23:41 | Crear | Archer |
| 25:13 | Crear | Villager (Male) |
| 25:13 | Crear | Villager (Male) |
| 25:14 | Crear | Villager (Male) |
Build order — Zizzle4879
Primeras 150 de 689 acciones detectadas
| 0:03 | Crear | Villager (Male) |
| 0:04 | Crear | Villager (Male) |
| 0:04 | Crear | Villager (Male) |
| 0:04 | Crear | Villager (Male) |
| 0:16 | Construir | House |
| 1:49 | Crear | Villager (Male) |
| 1:55 | Construir | House |
| 1:56 | Construir | House |
| 1:57 | Construir | House |
| 1:58 | Construir | House |
| 2:00 | Construir | House |
| 2:04 | Crear | Villager (Male) |
| 2:20 | Crear | Villager (Male) |
| 2:21 | Crear | Villager (Male) |
| 2:48 | Crear | Villager (Male) |
| 3:13 | Crear | Villager (Male) |
| 3:40 | Crear | Villager (Male) |
| 3:40 | Crear | Villager (Male) |
| 4:02 | Crear | Villager (Male) |
| 4:26 | Construir | Lumber Camp |
| 4:30 | Crear | Villager (Male) |
| 4:30 | Crear | Villager (Male) |
| 4:30 | Crear | Villager (Male) |
| 4:30 | Crear | Villager (Male) |
| 4:30 | Crear | Villager (Male) |
| 5:12 | Crear | Villager (Male) |
| 5:12 | Crear | Villager (Male) |
| 5:12 | Crear | Villager (Male) |
| 5:33 | Crear | Villager (Male) |
| 5:33 | Crear | Villager (Male) |
| 5:48 | Crear | Villager (Male) |
| 6:18 | Construir | Mill |
| 6:35 | Crear | Villager (Male) |
| 6:38 | Crear | Villager (Male) |
| 6:39 | Crear | Villager (Male) |
| 7:22 | Crear | Villager (Male) |
| 7:47 | Crear | Villager (Male) |
| 7:48 | Crear | Villager (Male) |
| 7:49 | Crear | Villager (Male) |
| 8:01 | Construir | Mill |
| 8:44 | Crear | Villager (Male) |
| 8:57 | Construir | Farm |
| 8:58 | Construir | Farm |
| 8:59 | Construir | Farm |
| 9:00 | Construir | Farm |
| 9:36 | Construir | Mining Camp |
| 10:15 | Investigar | Feudal Age |
| 10:15 | Investigar | Feudal Age |
| 11:17 | Crear | Villager (Male) |
| 11:18 | Investigar | Loom |
| 12:56 | Construir | Stable |
| 13:03 | Construir | Blacksmith |
| 13:03 | Construir | Blacksmith |
| 13:10 | Construir | House |
| 13:11 | Construir | House |
| 13:12 | Construir | House |
| 13:16 | Investigar | Castle Age |
| 13:33 | Investigar | Double-Bit Axe |
| 13:52 | Investigar | Horse Collar |
| 14:31 | Construir | Farm |
| 14:32 | Construir | Farm |
| 14:34 | Construir | Farm |
| 14:35 | Construir | Farm |
| 14:45 | Construir | Stable |
| 14:54 | Construir | Stable |
| 14:56 | Investigar | Forging |
| 15:22 | Investigar | Scale Barding Armor |
| 15:59 | Crear | Knight |
| 15:59 | Crear | Knight |
| 16:13 | Investigar | Husbandry |
| 16:19 | Construir | House |
| 16:20 | Construir | House |
| 16:30 | Construir | Town Center |
| 16:32 | Crear | Villager (Male) |
| 16:47 | Crear | Knight |
| 17:01 | Crear | Villager (Male) |
| 17:02 | Crear | Villager (Male) |
| 17:45 | Investigar | Scale Barding Armor |
| 17:51 | Crear | Knight |
| 18:01 | Construir | Siege Workshop |
| 18:12 | Construir | Farm |
| 18:12 | Construir | Farm |
| 18:14 | Construir | Farm |
| 18:15 | Construir | Farm |
| 18:17 | Crear | Villager (Male) |
| 18:30 | Crear | Villager (Male) |
| 18:44 | Construir | Farm |
| 18:50 | Construir | Farm |
| 18:59 | Construir | Farm |
| 19:01 | Crear | Villager (Male) |
| 19:05 | Crear | Scorpion |
| 19:13 | Crear | Knight |
| 19:13 | Crear | Knight |
| 19:25 | Crear | Villager (Male) |
| 19:44 | Construir | Farm |
| 19:46 | Construir | Farm |
| 19:52 | Crear | Knight |
| 19:59 | Crear | Villager (Male) |
| 20:04 | Crear | Villager (Male) |
| 20:47 | Crear | Villager (Male) |
| 20:48 | Crear | Villager (Male) |
| 20:48 | Crear | Villager (Male) |
| 20:51 | Crear | Villager (Male) |
| 20:51 | Crear | Villager (Male) |
| 20:57 | Crear | Scorpion |
| 21:25 | Crear | Villager (Male) |
| 21:25 | Crear | Villager (Male) |
| 21:30 | Construir | Town Center |
| 21:33 | Crear | Villager (Male) |
| 21:33 | Crear | Villager (Male) |
| 21:41 | Crear | Scorpion |
| 22:12 | Crear | Villager (Male) |
| 22:12 | Crear | Villager (Male) |
| 22:19 | Crear | Villager (Male) |
| 22:19 | Crear | Villager (Male) |
| 22:20 | Crear | Villager (Male) |
| 22:28 | Investigar | Town Watch |
| 22:29 | Crear | Villager (Male) |
| 22:29 | Crear | Villager (Male) |
| 22:29 | Crear | Villager (Male) |
| 22:45 | Construir | Farm |
| 22:46 | Construir | Farm |
| 22:47 | Construir | Farm |
| 23:11 | Construir | Farm |
| 23:12 | Construir | Farm |
| 23:13 | Construir | Farm |
| 23:15 | Crear | Villager (Male) |
| 23:15 | Crear | Villager (Male) |
| 23:19 | Crear | Villager (Male) |
| 23:19 | Crear | Villager (Male) |
| 23:19 | Crear | Villager (Male) |
| 23:19 | Crear | Villager (Male) |
| 23:35 | Crear | Villager (Male) |
| 23:38 | Crear | Villager (Male) |
| 23:38 | Crear | Villager (Male) |
| 24:03 | Construir | Farm |
| 24:04 | Construir | Farm |
| 24:05 | Construir | Farm |
| 24:12 | Crear | Villager (Male) |
| 24:12 | Crear | Villager (Male) |
| 24:15 | Crear | Villager (Male) |
| 24:15 | Crear | Villager (Male) |
| 24:15 | Crear | Villager (Male) |
| 24:34 | Construir | Siege Workshop |
| 24:38 | Crear | Knight |
| 24:38 | Crear | Knight |
| 24:38 | Crear | Knight |
| 24:51 | Construir | Farm |
| 24:52 | Construir | Farm |
| 24:53 | Construir | Farm |
Build order — roko
Primeras 150 de 706 acciones detectadas
| 0:01 | Crear | Villager (Male) |
| 0:02 | Crear | Villager (Male) |
| 0:02 | Crear | Villager (Male) |
| 0:02 | Crear | Villager (Male) |
| 0:04 | Construir | House |
| 0:31 | Construir | House |
| 0:33 | Construir | House |
| 1:34 | Crear | Villager (Male) |
| 2:03 | Crear | Villager (Male) |
| 2:07 | Construir | Lumber Camp |
| 2:32 | Crear | Villager (Male) |
| 2:32 | Crear | Villager (Male) |
| 2:55 | Crear | Villager (Male) |
| 2:55 | Crear | Villager (Male) |
| 3:24 | Crear | Villager (Male) |
| 3:35 | Crear | Villager (Male) |
| 4:02 | Crear | Villager (Male) |
| 4:17 | Crear | Villager (Male) |
| 4:57 | Crear | Villager (Male) |
| 5:29 | Crear | Villager (Male) |
| 5:29 | Crear | Villager (Male) |
| 5:36 | Construir | House |
| 6:16 | Construir | Mining Camp |
| 6:19 | Crear | Villager (Male) |
| 6:27 | Investigar | Loom |
| 7:11 | Investigar | Feudal Age |
| 7:54 | Construir | Mill |
| 9:07 | Crear | Villager (Male) |
| 9:21 | Edad | Edad Feudal |
| 9:23 | Construir | Blacksmith |
| 9:38 | Crear | Villager (Male) |
| 10:04 | Crear | Villager (Male) |
| 10:11 | Construir | Siege Workshop |
| 10:20 | Crear | Villager (Male) |
| 10:24 | Construir | House |
| 10:45 | Crear | Battering Ram |
| 11:04 | Crear | Battering Ram |
| 11:08 | Crear | Villager (Male) |
| 11:21 | Crear | Battering Ram |
| 11:39 | Crear | Villager (Male) |
| 11:44 | Construir | House |
| 12:14 | Construir | Mill |
| 12:20 | Crear | Villager (Male) |
| 12:33 | Crear | Battering Ram |
| 12:48 | Crear | Villager (Male) |
| 13:18 | Crear | Battering Ram |
| 13:24 | Crear | Villager (Male) |
| 14:10 | Crear | Villager (Male) |
| 14:10 | Crear | Villager (Male) |
| 14:13 | Construir | House |
| 14:16 | Crear | Villager (Male) |
| 15:10 | Crear | Villager (Male) |
| 15:10 | Crear | Villager (Male) |
| 15:52 | Crear | Villager (Male) |
| 15:57 | Construir | Town Center |
| 15:59 | Crear | Villager (Male) |
| 17:06 | Construir | House |
| 17:07 | Construir | House |
| 17:09 | Crear | Villager (Male) |
| 17:29 | Crear | Villager (Male) |
| 17:32 | Crear | Villager (Male) |
| 17:32 | Crear | Villager (Male) |
| 17:32 | Crear | Villager (Male) |
| 18:02 | Crear | Villager (Male) |
| 18:19 | Construir | Market |
| 18:50 | Construir | Farm |
| 18:50 | Construir | Farm |
| 18:51 | Construir | Farm |
| 18:52 | Construir | Farm |
| 18:54 | Construir | Farm |
| 18:54 | Construir | Farm |
| 18:55 | Construir | Farm |
| 18:55 | Construir | Farm |
| 18:55 | Construir | Farm |
| 19:03 | Crear | Villager (Male) |
| 19:04 | Crear | Villager (Male) |
| 19:26 | Crear | Villager (Male) |
| 19:27 | Crear | Villager (Male) |
| 19:32 | Construir | Farm |
| 19:33 | Construir | Farm |
| 19:33 | Construir | Farm |
| 19:33 | Construir | Farm |
| 19:33 | Construir | Farm |
| 19:34 | Construir | Farm |
| 19:34 | Construir | Farm |
| 19:46 | Crear | Villager (Male) |
| 19:55 | Investigar | Double-Bit Axe |
| 20:02 | Investigar | Horse Collar |
| 20:05 | Crear | Villager (Male) |
| 20:08 | Crear | Villager (Male) |
| 20:20 | Construir | Farm |
| 20:20 | Construir | Farm |
| 20:20 | Construir | Farm |
| 20:20 | Construir | Farm |
| 20:21 | Construir | Farm |
| 20:28 | Crear | Villager (Male) |
| 20:28 | Crear | Villager (Male) |
| 20:37 | Construir | Farm |
| 20:37 | Construir | Farm |
| 20:37 | Construir | Farm |
| 20:38 | Construir | Farm |
| 20:38 | Construir | Farm |
| 20:38 | Construir | Farm |
| 20:44 | Crear | Villager (Male) |
| 20:44 | Crear | Villager (Male) |
| 20:49 | Construir | Farm |
| 20:49 | Construir | Farm |
| 20:49 | Construir | Farm |
| 21:13 | Construir | Barracks |
| 21:15 | Construir | House |
| 21:17 | Crear | Villager (Male) |
| 21:17 | Crear | Villager (Male) |
| 21:18 | Crear | Villager (Male) |
| 21:18 | Crear | Villager (Male) |
| 21:18 | Crear | Villager (Male) |
| 21:23 | Construir | House |
| 21:24 | Construir | House |
| 22:02 | Crear | Spearman |
| 22:03 | Crear | Spearman |
| 22:03 | Crear | Spearman |
| 22:03 | Crear | Spearman |
| 22:09 | Construir | Barracks |
| 22:25 | Investigar | Wheelbarrow |
| 22:28 | Crear | Spearman |
| 22:28 | Crear | Spearman |
| 22:34 | Crear | Villager (Male) |
| 22:34 | Crear | Villager (Male) |
| 22:34 | Crear | Villager (Male) |
| 22:40 | Construir | Farm |
| 22:40 | Construir | Farm |
| 22:40 | Construir | Farm |
| 22:49 | Crear | Spearman |
| 23:01 | Construir | House |
| 23:06 | Crear | Spearman |
| 23:06 | Crear | Spearman |
| 23:17 | Construir | Farm |
| 23:17 | Construir | Farm |
| 23:17 | Construir | Farm |
| 23:20 | Crear | Villager (Male) |
| 23:20 | Crear | Villager (Male) |
| 23:24 | Crear | Spearman |
| 23:24 | Crear | Spearman |
| 23:37 | Crear | Villager (Male) |
| 23:37 | Crear | Villager (Male) |
| 23:37 | Crear | Villager (Male) |
| 23:40 | Crear | Spearman |
| 23:44 | Crear | Spearman |
| 23:44 | Crear | Spearman |
| 24:04 | Crear | Villager (Male) |
| 24:11 | Construir | Farm |
Build order — Mike Lowry
66 acciones detectadas en el replay
| 0:03 | Crear | Villager (Male) |
| 0:03 | Crear | Villager (Male) |
| 0:04 | Crear | Villager (Male) |
| 0:05 | Construir | House |
| 0:07 | Construir | House |
| 0:38 | Crear | Villager (Male) |
| 1:36 | Crear | Villager (Male) |
| 1:36 | Crear | Villager (Male) |
| 2:13 | Crear | Villager (Male) |
| 2:13 | Crear | Villager (Male) |
| 2:13 | Crear | Villager (Male) |
| 2:32 | Crear | Villager (Male) |
| 2:32 | Crear | Villager (Male) |
| 2:42 | Construir | Lumber Camp |
| 2:48 | Crear | Villager (Male) |
| 2:49 | Crear | Villager (Male) |
| 3:45 | Crear | Villager (Male) |
| 3:46 | Crear | Villager (Male) |
| 4:07 | Crear | Villager (Male) |
| 4:08 | Crear | Villager (Male) |
| 4:08 | Crear | Villager (Male) |
| 4:08 | Crear | Villager (Male) |
| 4:16 | Construir | Mill |
| 4:40 | Construir | House |
| 4:59 | Crear | Villager (Male) |
| 4:59 | Crear | Villager (Male) |
| 5:00 | Crear | Villager (Male) |
| 5:05 | Crear | Villager (Male) |
| 5:06 | Crear | Villager (Male) |
| 5:50 | Crear | Villager (Male) |
| 5:51 | Crear | Villager (Male) |
| 6:02 | Construir | House |
| 6:17 | Crear | Villager (Male) |
| 6:18 | Crear | Villager (Male) |
| 6:58 | Crear | Villager (Male) |
| 6:58 | Crear | Villager (Male) |
| 6:59 | Crear | Villager (Male) |
| 6:59 | Crear | Villager (Male) |
| 6:59 | Crear | Villager (Male) |
| 7:00 | Crear | Villager (Male) |
| 7:04 | Crear | Villager (Male) |
| 7:05 | Crear | Villager (Male) |
| 7:05 | Crear | Villager (Male) |
| 9:04 | Investigar | Feudal Age |
| 9:18 | Construir | Mill |
| 9:38 | Construir | Mining Camp |
| 9:57 | Construir | Farm |
| 9:59 | Construir | Farm |
| 10:02 | Construir | Farm |
| 10:03 | Construir | Farm |
| 11:01 | Construir | Barracks |
| 11:10 | Crear | Villager (Male) |
| 11:10 | Crear | Villager (Male) |
| 11:10 | Crear | Villager (Male) |
| 11:14 | Edad | Edad Feudal |
| 11:15 | Construir | House |
| 11:16 | Construir | House |
| 12:01 | Construir | Stable |
| 12:15 | Construir | Farm |
| 12:43 | Construir | Market |
| 12:50 | Investigar | Loom |
| 13:16 | Crear | Scout Cavalry ×5 |
| 13:41 | Construir | Gate |
| 13:49 | Crear | Scout Cavalry |
| 14:03 | Construir | Farm |
| 14:07 | Construir | Farm |
Build order — bruno.wrobel
Primeras 150 de 350 acciones detectadas
| 0:03 | Construir | House |
| 0:04 | Crear | Villager (Male) |
| 0:04 | Crear | Villager (Male) |
| 0:32 | Crear | Villager (Male) |
| 1:08 | Crear | Villager (Male) |
| 1:21 | Crear | Villager (Male) |
| 1:55 | Crear | Villager (Male) |
| 2:02 | Construir | House |
| 2:05 | Crear | Villager (Male) |
| 2:33 | Crear | Villager (Male) |
| 2:52 | Crear | Villager (Male) |
| 3:20 | Crear | Villager (Male) |
| 3:24 | Construir | House |
| 3:55 | Construir | Mill |
| 4:05 | Crear | Villager (Male) |
| 4:06 | Crear | Villager (Male) |
| 4:42 | Crear | Villager (Male) |
| 5:02 | Construir | Lumber Camp |
| 5:11 | Crear | Villager (Male) |
| 5:38 | Crear | Villager (Male) |
| 5:43 | Construir | House |
| 5:47 | Crear | Villager (Male) |
| 6:26 | Crear | Villager (Male) |
| 6:34 | Crear | Villager (Male) |
| 6:48 | Crear | Villager (Male) |
| 7:20 | Crear | Villager (Male) |
| 7:41 | Crear | Villager (Male) |
| 7:43 | Construir | House |
| 7:48 | Crear | Villager (Male) |
| 8:25 | Investigar | Feudal Age |
| 8:30 | Construir | Mill |
| 9:09 | Construir | Mining Camp |
| 9:11 | Crear | Villager (Male) |
| 9:11 | Crear | Villager (Male) |
| 10:03 | Construir | Farm |
| 10:05 | Construir | Farm |
| 10:31 | Edad | Edad Feudal |
| 10:50 | Crear | Villager (Male) |
| 10:56 | Construir | Farm |
| 11:20 | Construir | Farm |
| 11:22 | Crear | Villager (Male) |
| 11:39 | Construir | Market |
| 11:45 | Construir | Farm |
| 11:48 | Crear | Villager (Male) |
| 12:01 | Construir | House |
| 12:05 | Crear | Villager (Male) |
| 12:29 | Construir | House |
| 12:38 | Crear | Villager (Male) |
| 12:43 | Construir | Blacksmith |
| 12:51 | Construir | Farm |
| 12:56 | Construir | House |
| 13:10 | Construir | Farm |
| 13:14 | Crear | Villager (Male) |
| 13:17 | Construir | Farm |
| 13:35 | Crear | Villager (Male) |
| 14:09 | Investigar | Castle Age |
| 14:09 | Investigar | Castle Age |
| 14:52 | Investigar | Double-Bit Axe |
| 15:59 | Crear | Villager (Male) |
| 15:59 | Crear | Villager (Male) |
| 16:34 | Edad | Edad de los Castillos |
| 16:45 | Investigar | Loom |
| 17:08 | Crear | Villager (Male) |
| 17:08 | Crear | Villager (Male) |
| 17:16 | Construir | Town Center |
| 17:37 | Investigar | Horse Collar |
| 17:40 | Crear | Villager (Male) |
| 17:44 | Construir | Farm |
| 17:49 | Crear | Villager (Male) |
| 17:57 | Construir | Farm |
| 18:21 | Construir | Farm |
| 18:24 | Crear | Villager (Male) |
| 18:40 | Crear | Villager (Male) |
| 18:45 | Construir | Farm |
| 19:10 | Crear | Villager (Male) |
| 19:13 | Investigar | Wheelbarrow |
| 19:33 | Crear | Villager (Male) |
| 19:39 | Crear | Villager (Male) |
| 19:40 | Crear | Villager (Male) |
| 19:49 | Construir | Mining Camp |
| 19:53 | Crear | Villager (Male) |
| 19:54 | Crear | Villager (Male) |
| 20:14 | Construir | Town Center |
| 20:20 | Crear | Villager (Male) |
| 20:22 | Crear | Villager (Male) |
| 20:28 | Investigar | Heavy Plow |
| 20:32 | Investigar | Fletching |
| 20:35 | Crear | Villager (Male) |
| 20:36 | Crear | Villager (Male) |
| 20:36 | Crear | Villager (Male) |
| 20:40 | Crear | Villager (Male) |
| 21:10 | Construir | Farm |
| 21:11 | Construir | Farm |
| 21:13 | Crear | Villager (Male) |
| 21:23 | Crear | Villager (Male) |
| 21:40 | Construir | Farm |
| 21:45 | Investigar | Bow Saw |
| 21:48 | Construir | Farm |
| 21:49 | Crear | Villager (Male) |
| 21:54 | Crear | Villager (Male) |
| 22:00 | Construir | House |
| 22:02 | Construir | House |
| 22:05 | Construir | House |
| 22:18 | Construir | Lumber Camp |
| 22:23 | Crear | Villager (Male) |
| 22:25 | Construir | Farm |
| 22:32 | Crear | Villager (Male) |
| 22:39 | Construir | Farm |
| 22:47 | Construir | Farm |
| 22:51 | Crear | Villager (Male) |
| 22:55 | Crear | Villager (Male) |
| 23:04 | Construir | House |
| 23:10 | Crear | Villager (Male) |
| 23:14 | Construir | Farm |
| 23:17 | Crear | Villager (Male) |
| 23:25 | Crear | Villager (Male) |
| 23:45 | Construir | Farm |
| 23:52 | Construir | Farm |
| 23:55 | Crear | Villager (Male) |
| 24:03 | Construir | House |
| 24:05 | Construir | House |
| 24:06 | Construir | House |
| 24:11 | Crear | Villager (Male) |
| 24:15 | Construir | Farm |
| 24:19 | Crear | Villager (Male) |
| 24:19 | Crear | Villager (Male) |
| 24:24 | Construir | Lumber Camp |
| 24:33 | Crear | Villager (Male) |
| 24:36 | Crear | Villager (Male) |
| 24:38 | Construir | Farm |
| 25:07 | Construir | Castle |
| 25:09 | Crear | Villager (Male) |
| 25:10 | Crear | Villager (Male) |
| 25:12 | Crear | Villager (Male) |
| 25:12 | Crear | Villager (Male) |
| 25:31 | Crear | Villager (Male) |
| 25:33 | Crear | Villager (Male) |
| 29:20 | Construir | Lumber Camp |
| 29:24 | Crear | War Elephant |
| 29:24 | Crear | War Elephant |
| 29:24 | Crear | War Elephant |
| 29:25 | Crear | War Elephant |
| 29:25 | Crear | War Elephant |
| 29:25 | Crear | War Elephant |
| 29:26 | Crear | War Elephant |
| 29:26 | Crear | War Elephant |
| 30:12 | Construir | Castle |
| 30:20 | Investigar | Scale Barding Armor |
| 30:20 | Investigar | Forging |
| 30:24 | Crear | Villager (Male) |
Build order — DarkDaiver
Primeras 150 de 469 acciones detectadas
| 0:01 | Crear | Villager (Male) |
| 0:01 | Crear | Villager (Male) |
| 0:02 | Crear | Villager (Male) |
| 0:02 | Crear | Villager (Male) |
| 0:04 | Construir | House |
| 0:05 | Construir | House |
| 0:31 | Construir | House |
| 1:01 | Construir | Lumber Camp |
| 1:25 | Crear | Villager (Male) |
| 1:51 | Crear | Villager (Male) |
| 2:23 | Crear | Villager (Male) |
| 2:54 | Crear | Villager (Male) |
| 2:54 | Crear | Villager (Male) |
| 3:13 | Crear | Villager (Male) |
| 3:31 | Crear | Villager (Male) |
| 3:49 | Crear | Villager (Male) |
| 4:28 | Crear | Villager (Male) |
| 4:39 | Crear | Villager (Male) |
| 4:45 | Construir | Mill |
| 5:11 | Construir | Mill |
| 5:18 | Crear | Villager (Male) |
| 5:22 | Construir | House |
| 5:34 | Crear | Villager (Male) |
| 5:55 | Crear | Villager (Male) |
| 6:19 | Crear | Villager (Male) |
| 6:42 | Crear | Villager (Male) |
| 7:13 | Construir | Mining Camp |
| 7:23 | Crear | Villager (Male) |
| 7:39 | Crear | Villager (Male) |
| 7:47 | Construir | House |
| 7:49 | Construir | House |
| 7:50 | Construir | House |
| 8:00 | Crear | Villager (Male) |
| 8:23 | Crear | Villager (Male) |
| 8:23 | Crear | Villager (Male) |
| 8:55 | Construir | Lumber Camp |
| 9:00 | Investigar | Feudal Age |
| 10:18 | Construir | Mining Camp |
| 11:15 | Construir | Farm |
| 11:16 | Construir | Farm |
| 11:18 | Construir | Farm |
| 11:46 | Construir | Farm |
| 11:46 | Edad | Edad Feudal |
| 11:47 | Construir | Farm |
| 11:48 | Construir | Farm |
| 11:51 | Investigar | Castle Age |
| 11:56 | Construir | Farm |
| 12:41 | Construir | Farm |
| 13:07 | Investigar | Double-Bit Axe |
| 13:11 | Investigar | Horse Collar |
| 13:51 | Crear | Villager (Male) |
| 14:31 | Edad | Edad de los Castillos |
| 14:34 | Construir | Town Center |
| 14:38 | Construir | Farm |
| 14:39 | Construir | Farm |
| 14:40 | Construir | Farm |
| 14:41 | Crear | Villager (Male) |
| 14:57 | Crear | Villager (Male) |
| 15:00 | Investigar | Bow Saw |
| 15:32 | Crear | Villager (Male) |
| 16:06 | Crear | Villager (Male) |
| 16:06 | Crear | Villager (Male) |
| 16:10 | Construir | Town Center |
| 16:32 | Investigar | Heavy Plow |
| 16:39 | Crear | Villager (Male) |
| 16:39 | Crear | Villager (Male) |
| 16:54 | Crear | Villager (Male) |
| 16:54 | Crear | Villager (Male) |
| 17:17 | Construir | Town Center |
| 17:20 | Crear | Villager (Male) |
| 17:22 | Crear | Villager (Male) |
| 17:31 | Construir | Farm |
| 17:37 | Crear | Villager (Male) |
| 17:43 | Construir | Farm |
| 17:52 | Crear | Villager (Male) |
| 18:02 | Construir | Farm |
| 18:05 | Construir | Farm |
| 18:11 | Crear | Villager (Male) |
| 18:19 | Construir | Farm |
| 18:20 | Construir | Farm |
| 18:22 | Construir | Farm |
| 18:23 | Crear | Villager (Male) |
| 18:28 | Crear | Villager (Male) |
| 18:29 | Crear | Villager (Male) |
| 18:38 | Construir | Farm |
| 18:39 | Crear | Villager (Male) |
| 18:44 | Construir | Farm |
| 18:49 | Construir | Farm |
| 18:53 | Construir | Farm |
| 18:54 | Crear | Villager (Male) |
| 18:54 | Crear | Villager (Male) |
| 18:57 | Crear | Villager (Male) |
| 19:05 | Construir | Farm |
| 19:06 | Crear | Villager (Male) |
| 19:12 | Construir | Farm |
| 19:14 | Crear | Villager (Male) |
| 19:14 | Crear | Villager (Male) |
| 19:21 | Crear | Villager (Male) |
| 19:26 | Construir | Farm |
| 19:28 | Crear | Villager (Male) |
| 19:32 | Construir | Farm |
| 19:35 | Construir | Farm |
| 19:37 | Crear | Villager (Male) |
| 19:37 | Crear | Villager (Male) |
| 19:41 | Construir | Farm |
| 19:43 | Crear | Villager (Male) |
| 19:43 | Crear | Villager (Male) |
| 19:43 | Crear | Villager (Male) |
| 19:51 | Construir | Farm |
| 19:51 | Crear | Villager (Male) |
| 19:52 | Crear | Villager (Male) |
| 19:52 | Crear | Villager (Male) |
| 19:59 | Construir | Farm |
| 20:03 | Crear | Villager (Male) |
| 20:03 | Crear | Villager (Male) |
| 20:06 | Construir | Farm |
| 20:10 | Construir | House |
| 20:12 | Construir | House |
| 20:23 | Construir | House |
| 20:23 | Construir | House |
| 20:24 | Construir | House |
| 20:25 | Construir | House |
| 20:26 | Crear | Villager (Male) |
| 20:27 | Crear | Villager (Male) |
| 20:29 | Investigar | Loom |
| 20:36 | Investigar | Wheelbarrow |
| 20:41 | Crear | Villager (Male) |
| 20:42 | Crear | Villager (Male) |
| 20:47 | Construir | Farm |
| 21:09 | Crear | Villager (Male) |
| 21:10 | Crear | Villager (Male) |
| 21:11 | Crear | Villager (Male) |
| 21:18 | Construir | Farm |
| 21:23 | Construir | Farm |
| 21:24 | Construir | Farm |
| 21:30 | Construir | Mining Camp |
| 21:35 | Construir | Farm |
| 21:36 | Crear | Villager (Male) |
| 21:36 | Crear | Villager (Male) |
| 21:37 | Crear | Villager (Male) |
| 21:37 | Crear | Villager (Male) |
| 21:47 | Crear | Villager (Male) |
| 21:47 | Crear | Villager (Male) |
| 21:55 | Crear | Villager (Male) |
| 21:55 | Crear | Villager (Male) |
| 22:05 | Construir | Stable |
| 22:29 | Crear | Villager (Male) |
| 22:29 | Crear | Villager (Male) |
| 22:31 | Investigar | Hand Cart |
| 22:32 | Crear | Villager (Male) |
Cronología de la partida
| 9:21 | roko · age_up feudal |
| 10:04 | Henri · age_up feudal |
| 10:11 | roko · first_building Siege Workshop |
| 10:31 | bruno.wrobel · age_up feudal |
| 10:40 | Henri · first_building Barracks |
| 11:01 | Mike Lowry · first_building Barracks |
| 11:14 | Mike Lowry · age_up feudal |
| 11:23 | Henri · first_building Archery Range |
| 11:26 | 台南人 · age_up feudal |
| 11:46 | DarkDaiver · age_up feudal |
| 12:01 | Mike Lowry · first_building Stable |
| 12:04 | Lalokura94 · wall_segment Palisade Wall x1 |
| 12:44 | Lalokura94 · first_market_buy 100 food |
| 12:49 | Lalokura94 · first_market_sell 100 wood |
| 12:56 | Zizzle4879 · first_building Stable |
| 13:45 | bruno.wrobel · first_market_buy 100 food |
| 14:31 | DarkDaiver · age_up castle |
| 15:00 | Lalokura94 · first_building Barracks |
| 15:56 | Lalokura94 · first_building Stable |
| 16:02 | 台南人 · first_building Barracks |
| 16:04 | Mike Lowry · resign |
| 16:34 | bruno.wrobel · age_up castle |
| 16:38 | 台南人 · age_up castle |
| 18:01 | Zizzle4879 · first_building Siege Workshop |
| 18:35 | bruno.wrobel · tribute_sent a jugador 1 |
| 18:35 | bruno.wrobel · tribute_sent a jugador 2 |
| 18:35 | bruno.wrobel · tribute_sent a jugador 3 |
| 18:35 | bruno.wrobel · tribute_sent a jugador 4 |
| 18:35 | bruno.wrobel · tribute_sent a jugador 5 |
| 18:35 | bruno.wrobel · tribute_sent a jugador 7 |
| 18:35 | bruno.wrobel · tribute_sent a jugador 8 |
| 18:57 | 台南人 · first_market_buy 100 wood |
| 19:02 | roko · first_market_buy 100 food |
| 19:05 | bruno.wrobel · tribute_sent a jugador 1 |
| 19:05 | bruno.wrobel · tribute_sent a jugador 2 |
| 19:05 | bruno.wrobel · tribute_sent a jugador 3 |
| 19:05 | bruno.wrobel · tribute_sent a jugador 4 |
| 19:05 | bruno.wrobel · tribute_sent a jugador 5 |
| 19:05 | bruno.wrobel · tribute_sent a jugador 7 |
| 19:05 | bruno.wrobel · tribute_sent a jugador 8 |
| 21:13 | roko · first_building Barracks |
| 22:05 | DarkDaiver · first_building Stable |
| 23:53 | 台南人 · first_building Castle |
| 25:07 | bruno.wrobel · first_building Castle |
| 26:01 | Henri · age_up castle |
| 26:05 | Lalokura94 · first_building Archery Range |
| 26:35 | DarkDaiver · first_building Siege Workshop |
| 27:08 | DarkDaiver · age_up imperial |
| 27:36 | bruno.wrobel · tribute_sent a jugador 1 |
| 27:36 | bruno.wrobel · tribute_sent a jugador 2 |
| 27:36 | bruno.wrobel · tribute_sent a jugador 3 |
| 27:36 | bruno.wrobel · tribute_sent a jugador 4 |
| 27:36 | bruno.wrobel · tribute_sent a jugador 5 |
| 27:36 | bruno.wrobel · tribute_sent a jugador 7 |
| 27:36 | bruno.wrobel · tribute_sent a jugador 8 |
| 27:44 | bruno.wrobel · tribute_sent a jugador 1 |
| 27:44 | bruno.wrobel · tribute_sent a jugador 2 |
| 27:44 | bruno.wrobel · tribute_sent a jugador 3 |
| 27:44 | bruno.wrobel · tribute_sent a jugador 4 |
| 27:44 | bruno.wrobel · tribute_sent a jugador 5 |
| 27:44 | bruno.wrobel · tribute_sent a jugador 7 |
| 27:44 | bruno.wrobel · tribute_sent a jugador 8 |
| 28:12 | roko · age_up castle |
| 28:24 | DarkDaiver · first_building Castle |
| 28:30 | DarkDaiver · first_building Monastery |
| 28:36 | roko · first_building Stable |
| 29:10 | Lalokura94 · first_building Castle |
| 29:16 | Zizzle4879 · first_building Castle |
| 29:16 | roko · first_building Monastery |
| 29:49 | Lalokura94 · first_building Siege Workshop |
| 30:05 | roko · first_market_sell 100 food |
| 31:34 | 台南人 · age_up imperial |
| 32:55 | 台南人 · first_market_sell 100 wood |
| 33:07 | bruno.wrobel · first_building Monastery |
| 33:38 | roko · age_up imperial |
| 34:24 | roko · first_building Castle |
| 37:13 | Henri · first_building Castle |
| 39:13 | Henri · first_building Monastery |
| 39:37 | bruno.wrobel · tribute_sent a jugador 1 |
| 39:37 | bruno.wrobel · tribute_sent a jugador 2 |
| 39:37 | bruno.wrobel · tribute_sent a jugador 3 |
| 39:37 | bruno.wrobel · tribute_sent a jugador 4 |
| 39:37 | bruno.wrobel · tribute_sent a jugador 5 |
| 39:37 | bruno.wrobel · tribute_sent a jugador 7 |
| 39:37 | bruno.wrobel · tribute_sent a jugador 8 |
| 42:06 | roko · first_building Archery Range |
| 43:17 | bruno.wrobel · age_up imperial |
| 43:41 | Henri · age_up imperial |
| 48:21 | roko · tribute_sent a jugador 1 |
| 48:21 | roko · tribute_sent a jugador 2 |
| 48:21 | roko · tribute_sent a jugador 3 |
| 48:21 | roko · tribute_sent a jugador 5 |
| 48:21 | roko · tribute_sent a jugador 6 |
| 48:21 | roko · tribute_sent a jugador 7 |
| 48:21 | roko · tribute_sent a jugador 8 |
| 49:28 | bruno.wrobel · first_building Barracks |
| 50:04 | bruno.wrobel · first_building Stable |
| 53:32 | roko · tribute_sent a jugador 1 |
| 53:32 | roko · tribute_sent a jugador 2 |
| 53:32 | roko · tribute_sent a jugador 3 |
| 53:32 | roko · tribute_sent a jugador 5 |
| 53:32 | roko · tribute_sent a jugador 6 |
| 53:32 | roko · tribute_sent a jugador 7 |
| 53:32 | roko · tribute_sent a jugador 8 |
| 54:27 | DarkDaiver · first_market_sell 500 wood |
| 57:46 | DarkDaiver · wall_segment Stone Wall x7 |
| 57:49 | DarkDaiver · wall_segment Stone Wall x14 |
| 57:57 | DarkDaiver · wall_segment Stone Wall x16 |
| 57:59 | DarkDaiver · wall_segment Stone Wall x1 |
| 59:38 | DarkDaiver · first_building Barracks |
| 61:25 | Zizzle4879 · wall_segment Stone Wall x10 |
| 63:18 | Zizzle4879 · wall_segment Stone Wall x7 |
[ ANÁLISIS IA · 1 CRÉDITO ]
¿Qué pasó realmente en esta partida?
Wolo.gg analiza cada decisión: build order, eco, micro, errores típicos por bracket. Análisis personalizado por WhatsApp o Discord en 30 segundos.
Guía civ
Turcos
Perfil
Jugador #19299840